 Dungeon Crawl Stone Soup version 0.27.1-37-g7b29ead8ac (webtiles) character file.

Game seed: 5998419970203045381

56 cbfl8 the Skirmisher (level 3, -3/33 HPs)
             Began as a Minotaur Fighter on June 5, 2023.
             Slain by an orc wizard (4 damage)
             ... on level 1 of the Dungeon.
             The game lasted 00:01:30 (1542 turns).

cbfl8 the Skirmisher (Minotaur Fighter)             Turns: 1542, Time: 00:01:31

Health: -3/33      AC:  7    Str: 20    XL:     3   Next: 71%
Magic:  2/2        EV:  7    Int:  5    God:
Gold:   61         SH:  9    Dex: 10    Spells: 2/2 levels left

rFire    . . .     SeeInvis .   a - +0 war axe
rCold    . . .     Faith    .   c - +0 kite shield
rNeg     . . .     Spirit   .   b - +0 scale mail
rPois    .         Reflect  .   (helmet restricted)
rElec    .         Harm     .   (no cloak)
rCorr    .         Rampage  .   (no gloves)
Will     .....                  (no boots)
Stlth    ..........             (no amulet)
HPRegen  0.11/turn              (no ring)
MPRegen  0.08/turn              (no ring)

@: mighty
A: horns 2, retaliatory headbutt
a: no special abilities


You were on level 1 of the Dungeon.
You visited 1 branch of the dungeon, and saw 2 of its levels.

You collected 61 gold pieces.

Inventory:

Hand Weapons
 a - a +0 war axe (weapon)
Armour
 b - a +0 scale mail (worn)
 c - a +0 kite shield (worn)
Scrolls
 d - a scroll of enchant armour {unknown}
Potions
 f - a potion of curing


   Skills:
 + Level 4.2 Fighting
 + Level 3.0 Axes
 + Level 4.0 Armour
 + Level 0.1 Dodging
 + Level 0.1 Stealth
 + Level 4.0 Shields
 * Level 1.1 Evocations


You had 2 spell levels left.
You didn't know any spells.
Your spell library was empty.

Dungeon Overview and Level Annotations

Branches:
Dungeon (2/15)

Altars:


Innate Abilities, Weirdness & Mutations

You have a pair of horns on your head.
You reflexively headbutt those who attack you in melee.


Message History

You miss something.
You hear some strange, mumbled words.
A puff of flame appears from out of thin air!
The puff of flame hits you. Something hits you but does no damage.
You miss something. Something hits you.
You barely miss something. Your headbutt misses something.
Something hits you but does no damage. x2
You miss something. Your headbutt misses something.
You hear some strange, mumbled words.
You are more confused.
Something hits you but does no damage.
You miss something. Your headbutt misses something.
Something hits you but does no damage.
You hear some strange, mumbled words.
A puff of flame appears from out of thin air!
The puff of flame hits you.
* * * LOW HITPOINT WARNING * * *
Things that are here:
a +0 club; a goblin corpse You miss something.
You hear some strange, mumbled words.
A magic dart appears from out of thin air!
The magic dart hits you.
* * * LOW HITPOINT WARNING * * *
Something hits you but does no damage.
You miss something. You headbutt something!
You hear some strange, mumbled words.
Something tries to affect you, but you resist.
You bump into the rock wall.
Something hits you but does no damage. Something hits you but does no damage.
You completely miss something. Your headbutt misses something.
You feel less confused. You block something's attack.
Something hits you but does no damage.
Your shield and scale mail prevent you from hitting something.
You hear some strange, mumbled words.
A magic dart appears from out of thin air!
The magic dart hits you.
* * * LOW HITPOINT WARNING * * *
You miss something. Something hits you.
You die...

..####.######.##.#
..####.# #.##.#
.....#.# #.##.#
.....#.# #.##.#
.....#.######.##.#
.....#.......)##.#
†............).#.##
................){#
.######.###...##@)#
.# #.# #.......# ##
#.# #^.####.#
.######.# #..####.#
.....##.# #.......#
.##..##.# #.#######
.##...#.###.#
.##.........#
###.#...#####


There were no monsters in sight!

Vanquished Creatures
  A worm (D:2)
  2 dart slugs (D:1)
  3 orcs
  4 bats
  3 endoplasms (D:1)
  2 giant cockroaches
  4 goblins
  8 hobgoblins
  A jackal (D:1)
  2 quokkas
  2 ball pythons
  5 frilled lizards
  3 kobolds (D:1)
  3 rats (D:1)
43 creatures vanquished.

Notes
Turn   | Place    | Note
-------+----------+-------------------------------------------
     0 | D:1      | cbfl8 the Minotaur Fighter began the quest for the Orb.
     0 | D:1      | Reached XP level 1. HP: 19/19 MP: 0/0
   310 | D:1      | Reached XP level 2. HP: 27/27 MP: 1/1
   699 | D:1      | Reached XP level 3. HP: 33/33 MP: 2/2
  1072 | D:2      | Reached skill level 1 in Evocations
  1541 | D:1      | HP: 1/33 [something/magic dart (5)]
  1542 | D:1      | Slain by an orc wizard

Illustrated notes

Levels and vault maps discovered:
D:1:      erik_arrival_cave_to_civilisation [erik_arrival_cave_to_temple],
          layout_basic, minmay_tromino_mix6
D:2:      layout_loops_ring, dilly_ecumenical_altar_fadedgnrine

Skill      XL: |  1  2  3 |
---------------+----------+-----
Fighting       | 4 |  4.2
Evocations     | 1 |  1.1
Shields        | 4 |  4.0
Axes           | 3 |  3.0
Armour         | 4 |  4.0
Dodging        | |  0.1
Stealth        | |  0.1

Action                   || total
-------------------------++-------
Melee: War axe           ||   114
       Headbutt          ||    11
  Use: Potion            ||     2
       Scroll            ||     4
Armor: Scale mail        ||    76
Dodge: Dodged            ||    38
Block: Kite shield       ||    59
